 Dungeon Crawl Stone Soup version 0.28-a0-998-gb9e9c7b67e (webtiles) character file.

Game seed: 128464215218755074

0 demibob the Digger (level 1, -1/13 HPs)
             Began as a Demonspawn Wanderer on Dec 6, 2021.
             Slain by a quokka (4 damage)
             ... on level 1 of the Dungeon.
             The game lasted 00:00:29 (52 turns).

demibob the Digger (Demonspawn Wanderer)              Turns: 52, Time: 00:00:30

Health: -1/13      AC:  2    Str: 14    XL:     1   Next: 8%
Magic:  2/2        EV: 11    Int: 13    God:
Gold:   0          SH:  0    Dex: 10    Spells: 2/2 levels left

rFire   . . .      SeeInvis .   a - +0 club
rCold   . . .      Faith    .   (no shield)
rNeg    . . .      Spirit   .   b - +0 robe
rPois   .          Reflect  .   (no helmet)
rElec   .          Harm     .   (no cloak)
rCorr   .          Rampage  .   (no gloves)
Will    .....                   (no boots)
Stlth   +.........              (no amulet)
HPRegen 0.04/turn               (no ring)
MPRegen 0.08/turn               (no ring)

@: no status effects
A: no striking features
a: no special abilities


You were on level 1 of the Dungeon.
You visited 1 branch of the dungeon, and saw 1 of its levels.


   Skills:
 + Level 1.0 Throwing
 + Level 1.0 Spellcasting
 + Level 1.0 Hexes
 + Level 1.7 Fire Magic
 + Level 1.7 Air Magic
 + Level 1.7 Earth Magic
 + Level 1.0 Evocations


You had 2 spell levels left.
You didn't know any spells.
Your spell library contained the following spells:

 Spells                   Type           Power      Damage    Failure   Level
 Sandblast                Erth           10%        2d5       14%         1
 Beastly Appendage        Tmut           0%         N/A       28%         1
 Passwall                 Tmut/Erth      1%         N/A       30%         2
 Stone Arrow              Conj/Erth      4%         3d7       52%         3
 Ignite Poison            Fire/Tmut/Pois 2%         N/A       54%         3
 Petrify                  Tmut/Erth      2%         N/A       89%         4

Inventory:

Hand Weapons
 a - a +0 club (weapon)
Armour
 b - a +0 robe (worn)
 c - a +0 cloak

Dungeon Overview and Level Annotations

Branches:
Dungeon (1/15)

Altars:

.............▒# #
.#.▒.▒.▒...#..# ..#
......(..#...▒# ..#
..#....#......# ..#
.....#.......▒###..#
...#..........#....#
.............▒#.#.##.#
▒.▒.▒.▒.▒.▒.▒........#
# ###########.##@#####
#...r....?..
##.#.####### #.#.#
#.#.# .#.# .#.. ###


You could see a quokka.


Message History

You begin with the following items: a +0 club, a +0 robe; and the following spells available to memorise: Sandblast, Beastly Appendage, Passwall, Stone Arrow, Ignite Poison, Petrify.
You don't know any spells.
Okay, then.
Found a cloak.
c - a +0 cloak
d - a scroll labelled MEDUD LOOP
As you read the scroll labelled MEDUD LOOP, it crumbles to dust.
A profound silence engulfs you.
It was a scroll of silence.
You start waiting.
Your hearing returns.
A quokka comes into view.
A rat comes into view.
Found a scroll labelled COFIHU PESY.
The helpless rat fails to defend itself.
You hit the rat.
You kill the rat!
The quokka bites you. x2
You hit the quokka but do no damage. The quokka bites you.
* * * LOW HITPOINT WARNING * * *
The quokka bites you but does no damage.
You are too injured to fight recklessly!
You hit the quokka.
The quokka is heavily wounded.
The quokka bites you.
* * * LOW HITPOINT WARNING * * *
You closely miss the quokka.
The quokka is heavily wounded.
The quokka bites you but does no damage.
The quokka bites you.
You die...

Action                   || total
-------------------------++-------
Melee: Club              ||     4
  Use: Scroll            ||     1
 Stab: Sleeping          ||     1
Armor: Robe              ||     2

Levels and vault maps discovered:
D:1:      co_arrival_square_in_a_square_in_a_square, layout_basic,
          ebering_ecumenical_altar_hall

Notes
Turn   | Place    | Note
-------+----------+-------------------------------------------
     0 | D:1      | demibob the Demonspawn Wanderer began the quest for the
                  | Orb.
     0 | D:1      | demibob set off with the following items: a +0 club, a +0
                  | robe; and the following spells available to memorise:
                  | Sandblast, Beastly Appendage, Passwall, Stone Arrow, Ignite
                  | Poison, Petrify
     0 | D:1      | Reached XP level 1. HP: 13/13 MP: 2/2
    52 | D:1      | Slain by a quokka

Vanquished Creatures
  A rat (D:1)
1 creature vanquished.

Table legend: (Time is in decaauts)
 A = Elapsed time spent in this place.
 B = Non-inter-level travel time spent in this place.
 C = Inter-level travel time spent in this place.
 D = Time resting spent in this place.
 E = Time spent auto-exploring this place.
 F = Levels seen in this place.
 G = Mean time per level.
                   A        B        C        D        E       F      G
               +--------+--------+--------+--------+--------+-----+--------+
         Total |     52 |     52 |      0 |     24 |      1 |   1 |   52.0 |
       Dungeon |     52 |     52 |      0 |     24 |      1 |   1 |   52.0 |
               +--------+--------+--------+--------+--------+-----+--------+

Top non-repeatable levels by time:
     D:1: 52 daAuts

Table legend:
 A = Non-vault XP
 B = Vault XP
 C = Vault XP percentage of total XP
 D = Non-vault monster count
 E = Vault monster count
 F = Vault count percentage of total count
                 A         B        C        D         E       F
            +---------+---------+-------+---------+---------+-------
      Total |       1 |       0 |   0.0 |       1 |       0 |   0.0
            +---------+---------+-------+---------+---------+-------
        D:1 |       1 |       0 |   0.0 |       1 |       0 |   0.0
            +---------+---------+-------+---------+---------+-------
